 Dungeon Crawl Stone Soup version 0.29-a0-384-g6960b1960d (webtiles) character file.

Game seed: 2035905863168446899

55475 Pelinal the Spear-Bearer (level 14, -7/85 HPs)
             Began as a Merfolk Ice Elementalist on May 7, 2022.
             Was an Elder of Ashenzari.
             Killed from afar by a fire dragon (41 damage)
             ... with a blast of flame
             ... on level 6 of the Lair of Beasts.
             The game lasted 01:05:22 (17659 turns).

Pelinal the Spear-Bearer (MfIE)                    Turns: 17659, Time: 01:05:23

Health: -7/85      AC: 16    Str:  9    XL:     14   Next: 77%
Magic:  4/20       EV: 34    Int: 15    God:    Ashenzari [****..]
Gold:   1459       SH: 12    Dex: 24    Spells: 6/21 levels left

rFire   . . .      SeeInvis +   a - +0 trident
rCold   . . .      Faith    .   A - +3 buckler "Lashed Omen" {AC+3, Elem, Melee} (curse)
rNeg    . . .      Spirit   .   x - +0 troll leather armour
rPois   .          Reflect  .   L - +2 helmet of Ouranomancy {Bglg, Elem} (curse)
rElec   .          Harm     .   G - +1 cloak of Starlight {*Dazzle EV+4 Stlth--, Cun, Elem} (curse)
rCorr   .          Rampage  .   v - +1 pair of gloves of the Shackled Portent {Elem, Comp} (curse)
Will    +....      Clarity  +   (boots currently unavailable)
Stlth   +++++.....              g - amulet of Ashenzari's Gnosis {Regen+, Fort, Cun} (curse)
HPRegen 1.84/turn               Y - ring of wizardry
MPRegen 0.17/turn               O - ring "Loss of Ashenzari" {Dex+6, Fort, Bglg} (curse)

@: very quick
A: nimble swimmer 2, mertail
a: Renounce Religion, Curse Item, Shatter the Chains


You were on level 6 of the Lair of Beasts.
You worshipped Ashenzari.
Ashenzari was greatly pleased with you.
You visited 3 branches of the dungeon, and saw 17 of its levels.
You also visited: Bailey.

You collected 1459 gold pieces.

Inventory:

Hand Weapons
 a - a +0 trident (weapon)
 b - a +1 hunting sling of freezing
Missiles
 d - 3 atropa-tipped darts
 m - 569 stones
 n - 17 javelins
 q - 12 poisoned darts
Armour
 v - the cursed +1 pair of gloves of the Shackled Portent (worn) {Elem, Comp}
   (You found it on level 3 of the Dungeon)

   It has a curse which improves the following skills: Elements: Fire Magic, Ice
   Magic, Air Magic and Earth Magic.
   Companions: Summonings and Necromancy.
 x - a +0 troll leather armour (worn)
 z - the cursed +0 pair of boots of Ashenzari's Seeker (melded) {Self, Elem}
   (You found it on level 4 of the Dungeon)

   It has a curse which improves the following skills: Introspection: Fighting
   and Spellcasting.
   Elements:  Fire Magic, Ice Magic, Air Magic and Earth Magic.
 A - the cursed +3 buckler "Lashed Omen" (worn) {AC+3, Elem, Melee}
   (You acquired it in a bailey)

   It has a curse which improves the following skills: Elements: Fire Magic, Ice
   Magic, Air Magic and Earth Magic.
   Melee Combat: Short Blades, Long Blades, Axes, Maces & Flails, Polearms,
   Staves and Unarmed Combat.
 G - the cursed +1 cloak of Starlight (worn) {*Dazzle EV+4 Stlth--, Cun, Elem}
   (You acquired it on level 3 of the Lair of Beasts)

   It may blind those who miss an attack against the wearer in melee combat.
   EV:        It affects your evasion (+4).
   Stlth:     It makes you much less stealthy.
   It has a curse which improves the following skills: Cunning: Dodging and
   Stealth.
   Elements:  Fire Magic, Ice Magic, Air Magic and Earth Magic.
 I - a +1 robe of cold resistance
 L - the cursed +2 helmet of Ouranomancy (worn) {Bglg, Elem}
   (You found it on level 2 of the Lair of Beasts)

   It has a curse which improves the following skills: Beguiling: Conjurations,
   Hexes and Translocations.
   Elements:  Fire Magic, Ice Magic, Air Magic and Earth Magic.
 V - a +0 robe of fire resistance
Jewellery
 g - the cursed amulet of Ashenzari's Gnosis (around neck) {Regen+, Fort, Cun}
   (You found it on level 1 of the Dungeon)

   [amulet of regeneration]

   Regen:     It increases your rate of health regeneration.
   It has a curse which improves the following skills: Fortitude: Armour and
   Shields.
   Cunning:   Dodging and Stealth.
 r - a ring of magical power
 w - an amulet of magic regeneration
 y - a ring of poison resistance
 B - a ring of ice
 C - a ring of ice
 H - an amulet of the acrobat
 M - a +4 ring of protection
 N - the brooch of Shielding {Spirit SH+8}
   (You took it off an orc wizard on level 6 of the Dungeon)

   [amulet of guardian spirit]

   It causes incoming damage to be divided between your reserves of health and
   magic.
   SH:        It affects your SH (+8).
 O - the cursed ring "Loss of Ashenzari" (right hand) {Dex+6, Fort, Bglg}
   (You found it on level 8 of the Dungeon)

   [ring of dexterity]

   Dex:       It affects your dexterity (+6).
   It has a curse which improves the following skills: Fortitude: Armour and
   Shields.
   Beguiling: Conjurations, Hexes and Translocations.
 P - a +4 ring of evasion
 T - a ring of resist corrosion
 W - a ring of flight
 Y - a ring of wizardry (left hand)
 Z - a ring of positive energy
Wands
 p - a wand of flame (32)
 J - a wand of digging (3)
 K - a wand of paralysis (5)
 Q - a wand of iceblast (19)
Scrolls
 c - 9 scrolls of teleportation
 e - a scroll of enchant weapon
 f - 4 scrolls of vulnerability
 j - 8 scrolls of fear
 k - 2 scrolls of amnesia
 o - a scroll of silence
 t - 2 scrolls of magic mapping
 E - a scroll of poison
 R - 6 scrolls of immolation
 S - a scroll of blinking
 U - 5 scrolls of fog
Potions
 h - 2 potions of mutation
 i - a potion of magic
 l - 6 potions of brilliance
 s - 7 potions of curing
 u - 4 potions of might
 D - 4 potions of flight
 F - a potion of ambrosia
 X - a potion of lignification


   Skills:
 - Level 14.0(15.8) Polearms
 - Level 5.6(8.5) Armour
 - Level 12.5(15.4) Dodging
 - Level 10.3(13.2) Stealth
 - Level 10.2(13.1) Shields
 - Level 4.0 Spellcasting
 + Level 2.0(4.2) Conjurations
 - Level 7.4(10.4) Hexes
 - Level 8.4(13.1) Ice Magic
 + Level 2.0(5.3) Air Magic
 + Level 10.5 Evocations


You had 6 spell levels left.
You knew the following spells:

 Your Spells              Type           Power      Damage    Failure   Level
a - Freeze                Ice            100%       1d11      1%          1
b - Frozen Ramparts       Ice            84%        1d10      1%          3
c - Ozocubu's Armour      Ice            42%        N/A       1%          3
d - Freezing Cloud        Conj/Ice/Air   12%        6-21      13%         5
e - Tukima's Dance        Hex            34%        N/A       1%          3

Your spell library contained the following spells:

 Spells                   Type           Power      Damage    Failure   Level
 Shock                    Conj/Air       68%        1d7       1%          1
 Hailstorm                Conj/Ice       29%        3d8       3%          4
 Sandblast                Erth           10%        2d5       9%          1
 Beastly Appendage        Tmut           6%         N/A       11%         1
 Stone Arrow              Conj/Erth      20%        3d8       12%         3
 Passwall                 Tmut/Erth      3%         N/A       14%         2
 Wereblood                Tmut           3%         N/A       16%         2
 Spider Form              Tmut/Pois      3%         N/A       32%         3
 Yara's Violent Unravell  Hex/Tmut       9%         3d6       32%         5
 Iskenderun's Battlesphe  Conj           15%        2d7       45%         5
 Passage of Golubria      Tloc           4%         N/A       65%         4
 Iron Shot                Conj/Erth      5%         9d2       99%         6
 Spellforged Servitor     Conj/Summ      4%         N/A       100%        7
 Necromutation            Tmut/Necr      1%         N/A       100%        8


Dungeon Overview and Level Annotations

Branches:
Dungeon (10/15)            Temple (1/1) D:5            Lair (6/6) D:9
  Swamp (0/4) Lair:3       Spider (0/4) Lair:2        Slime (0/5) Lair:6
 Bailey (visited)
    Orc: D:9-12

Altars:
Ashenzari
Dithmenos
Elyvilon
Gozag
Hepliaklqana
Makhleb
Nemelex Xobeh
Okawaru
Ru
Sif Muna
Trog
Wu Jian
Yredelemnul
Zin
The Shining One
Jiyva

Annotations:
Lair:1 exclusion: oklob plant
Lair:4 Aluic's ghost, adept MiBe; gimp's ghost, journeyman FoWn


Innate Abilities, Weirdness & Mutations

You are very nimble when in or above water. (Stealth+, EV+, Speed+++)
Your lower body shifts to a powerful aquatic tail in water.


Message History

Casting: Ozocubu's Armour (safe; 1% risk of failure)
Confirm with . or Enter, or press ? or * to list all spells.
Aiming: Freezing Cloud (dangerous; 13% risk of failure)
Press: ? - help, Dir - move target, p - fire dragon You are engulfed in a cloud of scalding steam.
You are engulfed in a cloud of scalding steam.
Things that are here:
an iguana corpse; an iguana corpse; an iguana corpse
Casting: Freezing Cloud (dangerous; 13% risk of failure)
Confirm with . or Enter, or press ? or * to list all spells.
You don't have enough magic to cast this spell.
Things that are here:
an iguana corpse; an iguana corpse; an iguana corpse You reach to attack!
You barely miss the fire dragon.
The fire dragon is almost dead.
The fire dragon breathes flames at you. The blast of flame hits you!!
You hear an angry hiss.
You are too injured to fight recklessly!
You are too injured to fight recklessly!
Unknown command.
Reach: a) +0 trident
Press: ? - help, Dir - move target, f/p - fire dragon
Aim: a fire dragon (almost dead, catching its breath, about 25% to evade your +0 trident)
You reach to attack!
You hit the fire dragon but do no damage.
The fire dragon is almost dead.
You are engulfed in a cloud of scalding steam.
Unknown command.
Reach: a) +0 trident
Press: ? - help, Dir - move target, f/p - fire dragon
Aim: a fire dragon (almost dead, catching its breath, about 25% to evade your +0 trident)
You reach to attack!
You barely miss the fire dragon.
The fire dragon is almost dead.
You are engulfed in a cloud of scalding steam.
Unknown command.
You are engulfed in a cloud of scalding steam.
The fire dragon breathes flames at you. The blast of flame hits you!!!
You die...

#.......#♣♣..≈♣♣≈♣♣♣∆∆
?!♣♣.≈≈≈♣ .#.....P#
♣♣...≈≈≈.♣♣*.♣♣♣.≈≈♣♣♣
......P.#
♣♣♣...≈≈.♣♣♣♣♣≈≈...♣
#..##...#
♣.♣....≈..♣♣♣≈...♣♣♣
....#...##♣♣..♣♣♣.♣≈○§.≈≈≈.♣♣
#...#....#♣.....♣♣♣§☼≈≈≈≈..♣
...###...#♣♣♣♣.†♣♣.≈......♣♣
##........♣♣♣♣♣♣§§D♣..♣..♣♣
P#.......P≈≈.♣§§@♣♣♣...♣♣♣
.#........†≈≈≈§≈....P.♣♣
.#..###..≈≈♣♣.≈♣.♣P♣♣♣♣
.#[####..≈♣♣♣♣♣♣♣♣♣♣
P#..##...P♣♣♣ ##°○##...##
**** .○.°###..# * , **
....###### , ,, , * ......###
**... ,,** * *


You could see a fire dragon (catching breath).

Vanquished Creatures
  An orc warlord (Bailey)
  The ghost of Bediveer the Severer, a journeyman HOMo of Jiyva (Lair:4)
  The ghost of Daelid the Impaler, a journeyman MfGl of Yredelemnul (Lair:4)
  5 hydras
  Fannar (Lair:3)
  3 two-headed ogres
  A catoblepas (Lair:6)
  An alligator (Lair:6)
  4 death yaks (Lair:5)
  An orb spider (Lair:2)
  A swamp dragon (Lair:6)
  Pikel (D:5)
  A lindwurm (Lair:4)
  21 elephants
  11 black mambas
  Maggie (D:9)
  14 cane toads
  6 komodo dragons
  A kobold demonologist (D:9)
  7 rime drakes
  2 trolls
  2 polar bears
  Grinder (D:4)
  2 hornets (Lair:6)
  20 blink frogs
  8 dream sheep
  Sigmund (D:5)
  14 wyverns
  25 yaks
  A vampire (D:10)
  2 basilisks (Lair:5)
  2 steam dragons (Lair:6)
  2 redbacks (Lair:6)
  4 swamp worms (Lair:2)
  3 acid dragons
  35 water moccasins
  A swamp drake (Lair:6)
  6 orc warriors
  An ice beast (D:7)
  A black bear (D:7)
  13 wolves
  An ogre (D:7)
  3 lemures (D:5)
  A kobold brigand (D:8)
  Blork the orc (D:4)
  13 bullfrogs
  A necrophage (D:6)
  5 scorpions
  3 gnoll sergeants
  6 wights
  11 killer bees
  An electric eel (Lair:3)
  8 howler monkeys
  3 hounds
  3 jellies
  3 gnoll shamans
  7 orc priests
  Crazy Yiuf (D:5)
  9 iguanas
  6 orc wizards
  4 hell rats (Lair:4)
  7 adders
  20 gnolls
  2 shadow imps
  A white imp (D:5)
  An ufetubus (D:4)
  A worm (D:2)
  A dart slug (D:1)
  18 orcs
  7 bats
  5 endoplasms
  4 giant cockroaches
  10 goblins
  10 hobgoblins
  20 jackals
  5 quokkas
  3 ball pythons
  2 frilled lizards
  18 kobolds
  4 rats
458 creatures vanquished.

Vanquished Creatures (collateral kills)
  Urug (Lair:6)
  A water moccasin (Lair:6)
2 creatures vanquished.

Vanquished Creatures (others)
  2 dancing weapons (D:9)
  An iguana (Lair:6)
  A bush (Lair:2)
  49 fungi
  124 plants
177 creatures vanquished.

Grand Total: 637 creatures vanquished

Notes
Turn   | Place    | Note
-------+----------+-------------------------------------------
     0 | D:1      | Pelinal the Merfolk Ice Elementalist began the quest for
                  | the Orb.
     0 | D:1      | Reached XP level 1. HP: 13/13 MP: 3/3
   373 | D:1      | Reached XP level 2. HP: 10/19 MP: 1/5
   681 | D:1      | Reached skill level 5 in Ice Magic
   872 | D:1      | Reached XP level 3. HP: 24/24 MP: 1/6
  1145 | D:1      | Found a faded altar of an unknown god.
  1348 | D:2      | Learned a level 3 spell: Frozen Ramparts
  1876 | D:2      | Reached XP level 4. HP: 30/30 MP: 7/7
  1882 | D:2      | Learned a level 3 spell: Ozocubu's Armour
  2182 | D:2      | Reached skill level 1 in Polearms
  3081 | D:3      | Reached XP level 5. HP: 35/35 MP: 8/8
  3471 | D:3      | Reached skill level 2 in Polearms
  3768 | D:4      | Identified the +0 scale mail "Butwip" {Regen+ rCorr Str-4}
  3807 | D:4      | Reached skill level 3 in Polearms
  3807 | D:4      | Reached XP level 6. HP: 28/41 MP: 5/9
  3813 | D:4      | Noticed Blork the orc
  3958 | D:4      | Noticed Grinder
  3968 | D:4      | Paralysed by Grinder for 4 turns
  4043 | D:4      | Paralysed by Grinder for 5 turns
  4058 | D:4      | Paralysed by Grinder for 5 turns
  4084 | D:4      | Killed Grinder
  4085 | D:4      | Reached skill level 4 in Polearms
  4085 | D:4      | Reached skill level 5 in Dodging
  4085 | D:4      | Reached XP level 7. HP: 16/46 MP: 9/10
  4247 | D:4      | Identified the +7 falchion "Zapsiwom" {protect, rPois rF++
                  | MP-9 Dex+2}
  4341 | D:4      | Killed Blork the orc
  4480 | D:5      | Entered Level 5 of the Dungeon
  4495 | D:5      | Reached skill level 5 in Stealth
  4552 | D:5      | Identified the +0 ring mail "Gighostu" {rElec}
  4616 | D:5      | Reached skill level 5 in Polearms
  4738 | D:5      | Identified the +2 dagger of Conflict {spect, Will+ Str+4}
  4755 | D:5      | Found a staircase to the Ecumenical Temple.
  4773 | Temple   | Entered the Ecumenical Temple
  4992 | Temple   | Became a worshipper of Ashenzari the Shackled
  5052 | D:5      | Noticed Pikel
  5070 | D:5      | Killed Pikel
  5071 | D:5      | Reached skill level 6 in Polearms
  5071 | D:5      | Reached XP level 8. HP: 25/52 MP: 11/11
  5273 | D:5      | Noticed Sigmund
  5291 | D:5      | Killed Sigmund
  5292 | D:5      | Reached skill level 7 in Polearms
  5428 | D:5      | Found a runed translucent door.
  5429 | D:5      | Noticed Crazy Yiuf
  5585 | D:5      | Killed Crazy Yiuf
  5911 | D:6      | Reached skill level 8 in Polearms
  5916 | D:6      | Reached XP level 9. HP: 51/57 MP: 12/12
  6131 | D:6      | Reached skill level 9 in Polearms
  6669 | D:7      | Reached skill level 10 in Polearms
  6887 | D:7      | Reached * piety under Ashenzari
  7030 | D:7      | Reached skill level 11 in Polearms
  7158 | D:7      | Reached skill level 12 in Polearms
  7677 | D:8      | Noticed a two-headed ogre
  7749 | D:8      | Reached skill level 13 in Polearms
  7799 | D:8      | Found a flagged portal.
  7818 | D:8      | Reached XP level 10. HP: 63/63 MP: 13/13
  7818 | D:8      | Identified the cursed +0 pair of boots of Ashenzari's
                  | Seeker {Self, Elem} (You found it on level 4 of the
                  | Dungeon)
  7830 | Bailey   | Entered a bailey
  7840 | Bailey   | Noticed an orc warlord
  7840 | Bailey   | Identified a scroll of acquirement
  7914 | Bailey   | Reached skill level 14 in Polearms
  7930 | Bailey   | Found a runed translucent gate.
  7932 | Bailey   | Found a runed translucent gate.
  7934 | Bailey   | Found a runed translucent gate.
  8120 | Bailey   | Killed an orc warlord
  8174 | Bailey   | Acquired a +1 buckler of protection
  8308 | D:8      | Killed a two-headed ogre
  8426 | D:8      | Acquired 400 gold pieces
  8550 | D:8      | Reached skill level 1 in Shields
  8579 | D:8      | Reached ** piety under Ashenzari
  9320 | D:9      | Reached XP level 11. HP: 68/68 MP: 10/18
  9340 | D:9      | Reached skill level 5 in Shields
  9469 | D:9      | Noticed Maggie
  9499 | D:9      | Killed Maggie
  9535 | D:9      | Learned a level 3 spell: Tukima's Dance
  9758 | D:9      | Found a staircase to the Lair.
  9775 | D:9      | Reached skill level 1 in Hexes
  9999 | D:9      | Noticed a two-headed ogre
 10100 | D:9      | Noticed a two-headed ogre
 10137 | D:9      | Killed a two-headed ogre
 10138 | D:9      | Reached skill level 5 in Hexes
 10233 | D:9      | Killed a two-headed ogre
 10445 | D:10     | Entered Level 10 of the Dungeon
 10751 | Lair:1   | Entered Level 1 of the Lair of Beasts
 10794 | Lair:1   | Reached *** piety under Ashenzari
 10934 | Lair:1   | Noticed an oklob plant
 11165 | Lair:1   | Reached skill level 1 in Armour
 11392 | Lair:1   | Reached XP level 12. HP: 74/74 MP: 13/20
 11762 | Lair:2   | Reached **** piety under Ashenzari
 12014 | Lair:2   | Noticed a five-headed hydra
 12073 | Lair:2   | Killed a five-headed hydra
 12246 | Lair:2   | Reached skill level 10 in Dodging
 12555 | Lair:2   | Found a hole to the Spider Nest.
 12937 | Lair:3   | Reached XP level 13. HP: 79/79 MP: 14/21
 13222 | Lair:3   | Reached skill level 5 in Armour
 13226 | Lair:3   | Noticed Fannar
 13234 | Lair:3   | Acquired the +1 cloak of Starlight {*Dazzle EV+4 Stlth--}
 13234 | Lair:3   | Found the +1 cloak of Starlight {*Dazzle EV+4 Stlth--}
 13248 | Lair:3   | Found a staircase to the Swamp.
 13433 | Lair:3   | Killed Fannar
 13577 | Lair:3   | Reached skill level 10 in Shields
 14379 | Lair:4   | Found a runed translucent gate.
 14379 | Lair:4   | Found a runed translucent gate.
 14379 | Lair:4   | Found a runed translucent gate.
 14381 | Lair:4   | Noticed gimp's ghost (journeyman FoWn)
 14381 | Lair:4   | Noticed Daelid's ghost (journeyman MfGl)
 14383 | Lair:4   | Noticed Bediveer's ghost (journeyman HOMo)
 14383 | Lair:4   | Noticed Aluic's ghost (adept MiBe)
 14443 | Lair:4   | Killed Daelid's ghost
 14445 | Lair:4   | Killed Bediveer's ghost
 14691 | Lair:5   | Reached skill level 10 in Stealth
 14790 | Lair:5   | Reached skill level 1 in Evocations
 14867 | Lair:5   | Found a shimmering blue altar of Sif Muna.
 15173 | Lair:5   | Reached skill level 5 in Evocations
 15188 | Lair:5   | Reached XP level 14. HP: 85/85 MP: 12/22
 15801 | Lair:6   | Entered Level 6 of the Lair of Beasts
 15801 | Lair:6   | Found a staircase to the Slime Pits.
 15801 | Lair:6   | Found a viscous altar of Jiyva.
 16306 | Lair:6   | Noticed Urug
 16328 | Lair:6   | Killed Urug
 16658 | Lair:6   | Reached skill level 10 in Evocations
 16678 | Lair:6   | Identified the Almanac of Lightness and Transmigration
 16696 | Lair:6   | Learned a level 5 spell: Freezing Cloud
 16847 | Lair:6   | Reached skill level 1 in Conjurations
 16847 | Lair:6   | Reached skill level 1 in Air Magic
 17659 | Lair:6   | Killed from afar by a fire dragon

Illustrated notes

Levels and vault maps discovered:
D:1:      psy_arrival_spokes, layout_basic, shapermc_ecumenical_altar_petra
D:2:      layout_basic, minmay_tree_intersection
D:3:      layout_loops_corners
D:4:      layout_cave_pools, uniq_grinder, uniq_blork_the_orc
D:5:      layout_basic, minmay_temple_entry_glass, hangedman_decor_lopped,
          uniq_sigmund, uniq_pikel, uniq_crazy_yiuf_cottage
D:6:      layout_cave_pools
D:7:      layout_loops_ring, nicolae_grassy_gnolls
D:8:      layout_loops_corners, enter_bailey_5, dreamdust_mushroom_princess
D:9:      layout_basic, minmay_lair_entry_grove, minmay_circle_x, uniq_maggie
D:10:     layout_irregular_city, cheibriados_altar_1, uniq_erolcha
Temple:   mainiacjoe_temple_trianglar_array
Lair:1:   minmay_lair_oklob_tunnel, layout_chaotic_city, beast_lair_carwin_10
Lair:2:   layout_regular_city, nicolae_spider_entry_orb_guardian, worms_lemuel
Lair:3:   layout_misc_corridors, swamp_mist, chequers_serial_rivers_micro_b,
          lemuel_fruit_tree, infiniplex_staircase_pool, grunt_megastairs_3,
          uniq_fannar
Lair:4:   layout_layer_cave, gammafunk_ghost_cemetery, serial_bayou_shore_a
Lair:5:   layout_loops_ring, basic_altar, hangedman_lair_generics_rect
Lair:6:   guppyfry_lair_end_dragon, layout_hall_layers,
          hangedman_lair_tendril_chambers, slime_altar_1,
          minmay_shattered_shrine, uniq_urug

Skill      XL: |  1  2  3  4  5  6  7  8  9 10 11 12 13 14 |
---------------+-------------------------------------------+-----
Ice Magic      | 5 6 8 |  8.4
Dodging        | 3 4 5 7 8 11 12 | 12.5
Polearms       | 1 3 4 6 8 13 14 | 14.0
Stealth        | 3 4 6 7 10 | 10.3
Spellcasting   | 4 |  4.0
Shields        | 4 7 9 10 | 10.2
Hexes          | 7 |  7.4
Armour         | 1 4 5 |  5.6
Evocations     | 5 10 | 10.5
Conjurations   | 2 |  2.0
Air Magic      | 2 |  2.0

Action                   |  1- 3 |  4- 6 |  7- 9 | 10-12 | 13-15 || total
-------------------------+-------+-------+-------+-------+-------++-------
Melee: Spear             |    71 |   112 |    12 |       |       ||   195
       Punch             |       |     2 |       |       |       ||     2
       Halberd           |       |       |   243 |    69 |       ||   312
       Tailslap          |       |       |     4 |     6 |    27 ||    37
       Trident           |       |       |       |   567 |  1295 ||  1862
 Fire: Hunting sling     |    11 |     7 |       |       |       ||    18
Throw: Javelin           |     2 |       |       |       |       ||     2
       Boomerang         |       |       |       |     3 |       ||     3
 Cast: Freeze            |    35 |    43 |     8 |     8 |     1 ||    95
       Frozen Ramparts   |     3 |    10 |    30 |    51 |    55 ||   149
       Ozocubu's Armour  |       |     6 |    16 |    41 |    39 ||   102
       Tukima's Dance    |       |       |       |     6 |     4 ||    10
       Freezing Cloud    |       |       |       |       |     3 ||     3
Invok: Curse Item        |       |       |     2 |     5 |     1 ||     8
       Shatter the Chain |       |       |       |       |     1 ||     1
Evoke: Wand              |       |       |     1 |     7 |     4 ||    12
  Use: Scroll            |       |     3 |     2 |     7 |     2 ||    14
       Potion            |       |     3 |       |     4 |     8 ||    15
 Stab: Sleeping          |     5 |     5 |     7 |     9 |     7 ||    33
       Distracted        |       |       |     1 |     7 |     1 ||     9
       Held in net/web   |       |       |       |     7 |       ||     7
       Invisible         |       |       |       |       |   120 ||   120
       Confused          |       |       |       |       |     2 ||     2
Armor: Robe              |    14 |    33 |    52 |    27 |       ||   126
       Troll leather arm |       |       |       |    25 |   123 ||   148
Dodge: Dodged            |    65 |    79 |   176 |   297 |   607 ||  1224
Block: Buckler           |       |       |       |   185 |   419 ||   604

Table legend: (Time is in decaauts)
 A = Elapsed time spent in this place.
 B = Non-inter-level travel time spent in this place.
 C = Inter-level travel time spent in this place.
 D = Time resting spent in this place.
 E = Time spent auto-exploring this place.
 F = Levels seen in this place.
 G = Mean time per level.
                   A        B        C        D        E       F      G
               +--------+--------+--------+--------+--------+-----+--------+
         Total |  16885 |  16399 |    486 |   1490 |   9287 |  18 |  938.1 |
       Dungeon |  10076 |   9733 |    343 |   1318 |   5894 |  10 | 1007.6 |
        Temple |    244 |    211 |     33 |      0 |    197 |   1 |  244.0 |
          Lair |   6229 |   6120 |    109 |    172 |   3195 |   6 | 1038.2 |
        Bailey |    334 |    334 |      0 |      0 |      0 |   1 |  334.0 |
               +--------+--------+--------+--------+--------+-----+--------+

Top non-repeatable levels by time:
  Lair:6: 1591 daAuts
     D:1: 1349 daAuts
     D:9: 1264 daAuts
     D:5: 1162 daAuts
  Lair:5: 1156 daAuts
     D:2: 1149 daAuts
     D:8: 1108 daAuts
     D:3: 1078 daAuts
     D:7: 1074 daAuts
  Lair:2: 1067 daAuts
  Lair:1: 959 daAuts
     D:4: 913 daAuts
  Lair:3: 821 daAuts
     D:6: 707 daAuts
  Lair:4: 634 daAuts
